 Dungeon Crawl Stone Soup version 0.22.0-38-g04b72b8c25 (webtiles) character file.

635676 Arth the Acrobat (level 27, -7/211 HPs)
             Began as a Merfolk Gladiator on Aug 31, 2018.
             Was the Champion of Qazlal.
             Mangled by a deathcap (9 damage)
             ... summoned by a curse toe
             ... on level 5 of the Realm of Zot.
             The game lasted 03:39:20 (58001 turns).

Arth the Acrobat (Merfolk Gladiator)               Turns: 58001, Time: 03:39:21

Health: -7/211     AC: 33    Str: 31    XL:     27
Magic:  17/24      EV: 25    Int:  6    God:    Qazlal [******]
Gold:   4556       SH:  0    Dex: 22    Spells: 42/42 levels left

rFire    + + +     SeeInvis .   H - +12 Vampire's Tooth {vamp}
rCold    + + +     Gourm    .   P - +7 shield of the Rose {rF+ Slay+5}
rNeg     + . .     Faith    .   h - +1 gold dragon scales of Polytheism {rElec rPois rF+ rC+ Regen+}
rPois    +         Spirit   .   d - +2 hat {MR+}
rElec    +         Reflect  +   b - +4 dragonskin cloak
rCorr    .         Harm     .   (no gloves)
MR       ++++.     Rnd*Rage +   z - +2 pair of boots {Stlth+} Stlth ..........Rnd*Tele +
                                M - amulet of Nuom {Reflect +Fly rElec rC+ MR+ Str-3 SH+2}
HPRegen  0.85/turn              I - ring "Cawnonul" {+Blink rPois rF+++ rC+ Stlth-}
MPRegen  0.19/turn              n - ring "Esaheh" {+Inv rPois MP-9 Str+7 Stlth-}

@: confused, mighty, protected from physical damage, repel missiles
A: change form in water, swift swim, stealthy swim, beak, claws 1, molten scales
1, agile 1, berserk 1, deformed body, dopey 1, frail 1, low mp 1, sense
surroundings 1, screaming 2, teleportitis 1, subdued magic 3
}: 3/15 runes: serpentine, barnacled, silver
a: Upheaval, Elemental Force, Disaster Area, Renounce Religion, Evoke Blink,
Evoke Invisibility, Evoke Flight


You were on level 5 of the Realm of Zot.
You worshipped Qazlal.
Qazlal was exalted by your worship.
You were not hungry.

You visited 9 branches of the dungeon, and saw 47 of its levels.
You visited the Abyss 1 time.
You also visited: Wizlab.

You collected 8083 gold pieces.
You spent 3527 gold pieces at shops.

Inventory:

Hand Weapons
 a - the +9 trident "Hogaom" {freeze, rN++}
   (You found it on level 8 of the Dungeon)

   It has been specially enchanted to freeze those struck by it, causing extra
   injury to most foes and up to half again as much damage against particularly
   susceptible opponents.
   It can also slow down cold-blooded creatures.
   It greatly protects you from negative energy.
 H - the +12 Vampire's Tooth (weapon) {vamp}
   (You found it on level 1 of the Depths)

   It inflicts no extra harm, but heals its wielder when it wounds a living foe.
Armour
 b - the +4 dragonskin cloak (worn)
   (You took it off Tiamat on level 1 of the Realm of Zot)
 d - a +2 hat of magic resistance (worn)
 h - the +1 gold dragon scales of Polytheism (worn) {rElec rPois rF+ rC+ Regen+}
   (You found it on level 5 of the Vaults)

   It protects you from fire.
   It protects you from cold.
   It insulates you from electricity.
   It protects you from poison.
   It increases your rate of regeneration.
 z - a +2 pair of boots of stealth (worn)
 K - the +0 cloak of Pyostrul {-Cast rPois rC+ Stlth+}
   (You found it on level 5 of the Depths)

   It protects you from cold.
   It protects you from poison.
   It prevents spellcasting.
   It makes you more stealthy.
 P - the +7 shield of the Rose (worn) {rF+ Slay+5}
   (You bought it in a shop on level 2 of the Orcish Mines)

   It affects your accuracy and damage with ranged weapons and melee attacks
   (+5).
   It protects you from fire.
Jewellery
 n - the ring "Esaheh" (right claw) {+Inv rPois MP-9 Str+7 Stlth-}
   (You took it off an orc on level 2 of the Depths)

   [ring of attention]

   It affects your strength (+7).
   It protects you from poison.
   It affects your magic capacity (-9).
   It lets you turn invisible.
   It makes you less stealthy.
 I - the ring "Cawnonul" (left claw) {+Blink rPois rF+++ rC+ Stlth-}
   (You found it on level 4 of the Realm of Zot)

   [ring of poison resistance]

   It renders you almost immune to fire.
   It protects you from cold.
   It protects you from poison.
   It lets you blink.
   It makes you less stealthy.
 M - the amulet of Nuom (around neck) {Reflect +Fly rElec rC+ MR+ Str-3 SH+2}
   (You took it off a yellow draconian on level 4 of the Realm of Zot)

   [amulet of reflection]

   It shields you and reflects attacks.
   It affects your strength (-3).
   It protects you from cold.
   It insulates you from electricity.
   It affects your resistance to hostile enchantments.
   It lets you fly.
   It affects your SH (+2).
 U - the ring "Fitoecukh" {rElec rN+}
   (You took it off a fire giant on level 2 of the Depths)

   [ring of positive energy]

   It insulates you from electricity.
   It protects you from negative energy.
Wands
 A - a wand of digging (22)
 T - a wand of clouds (9)
Scrolls
 c - a scroll of summoning
 e - 17 scrolls of remove curse
 j - 10 scrolls of enchant weapon
 k - 13 scrolls of magic mapping
 m - 3 scrolls of fear
 p - 10 scrolls of immolation
 r - 12 scrolls of teleportation
 v - 4 scrolls of blinking
 x - 3 scrolls of torment
 E - 7 scrolls of identify
 O - 5 scrolls of amnesia
 R - 2 scrolls of silence
 S - 2 scrolls of enchant armour
 W - 5 scrolls of fog
 Y - 7 scrolls of vulnerability
 Z - 2 scrolls of holy word
Potions
 l - 6 potions of magic
 o - 11 potions of brilliance
 q - 9 potions of haste
 s - 7 potions of curing
 t - 11 potions of cancellation
 B - 4 potions of berserk rage
 C - 3 potions of invisibility
 J - 9 potions of flight
 L - 7 potions of agility
 V - 2 potions of mutation
 X - a potion of ambrosia
Miscellaneous
 i - a lamp of fire
 D - 4 phantom mirrors
 F - a lightning rod (4/4)
Comestibles
 f - 38 rations


   Skills:
 + Level 23.2 Fighting
 * Level 16.5 Short Blades
 - Level 21.4 Polearms
 - Level 2.0 Throwing
 + Level 18.6 Armour
 + Level 24.5 Dodging
 - Level 15.5 Shields
 - Level 8.4 Spellcasting
 + Level 20.9 Invocations


You had 42 spell levels left.
You didn't know any spells.
Your spell library contained the following spells:

 Spells                   Type           Power        Failure   Level  Hunger
 Animate Skeleton         Necr           N/A          86%         1    None
 Apportation              Tloc           #.....       86%         1    None
 Confusing Touch          Hex            #.....       86%         1    None
 Corona                   Hex            #......      86%         1    None
 Infusion                 Chrm           #...         86%         1    None
 Magic Dart               Conj           #...         86%         1    None
 Pain                     Necr           #...         86%         1    None
 Shock                    Conj/Air       #...         86%         1    None
 Sting                    Conj/Pois      #...         86%         1    None
 Summon Small Mammal      Summ           #...         86%         1    None
 Corpse Rot               Necr           N/A          95%         2    ##.....
 Ensorcelled Hibernation  Hex/Ice        #.....       95%         2    ##.....
 Poisonous Vapours        Pois/Air       #.....       95%         2    ##.....
 Searing Ray              Conj           #.....       95%         2    ##.....
 Sublimation of Blood     Necr           #.........   95%         2    ##.....
 Swiftness                Chrm/Air       #.......     95%         2    ##.....
 Confuse                  Hex            #.......     99%         3    ###....
 Dazzling Spray           Conj/Hex       #.....       99%         3    ###....
 Gell's Gravitas          Tloc           #.........   99%         3    ###....
 Inner Flame              Hex/Fire       #.......     99%         3    ###....
 Mephitic Cloud           Conj/Pois/Air  #.......     99%         3    ###....
 Portal Projectile        Hex/Tloc       #.....       99%         3    ###....
 Recall                   Summ/Tloc      N/A          99%         3    ###....
 Regeneration             Chrm/Necr      #.........   99%         3    ###....
 Stone Arrow              Conj/Erth      #.....       99%         3    ###....
 Tukima's Dance           Hex            #.......     99%         3    ###....
 Vampiric Draining        Necr           #.........   99%         3    ###....
 Animate Dead             Necr           N/A          100%        4    ####...
 Force Lance              Conj/Tloc      #.......     100%        4    ####...
 Fulminant Prism          Conj/Hex       #.........   100%        4    ####...
 Iskenderun's Mystic Bla  Conj           #.......     100%        4    ####...
 Leda's Liquefaction      Hex/Erth       #.........   100%        4    ####...
 Olgreb's Toxic Radiance  Pois           #.......     100%        4    ####...
 Petrify                  Tmut/Erth      #.......     100%        4    ####...
 Agony                    Necr           #.......     100%        5    ######.
 Bolt of Draining         Conj/Necr      #.........   100%        5    ######.
 Bolt of Magma            Conj/Fire/Erth #.........   100%        5    ######.
 Borgnjor's Vile Clutch   Necr/Erth      #.........   100%        5    ######.
 Dispel Undead            Necr           #.......     100%        5    ######.
 Excruciating Wounds      Chrm/Necr      #.........   100%        5    ######.
 Irradiate                Conj/Tmut      #.........   100%        5    ######.
 Iskenderun's Battlesphe  Conj/Chrm      #.......     100%        5    ######.
 Metabolic Englaciation   Hex/Ice        #.........   100%        5    ######.
 Silence                  Hex/Air        #.........   100%        5    ######.
 Summon Forest            Summ/Tloc      #.........   100%        5    ######.
 Venom Bolt               Conj/Pois      #.........   100%        5    ######.
 Yara's Violent Unravell  Hex/Tmut       #.........   100%        5    ######.
 Bolt of Cold             Conj/Ice       #.........   100%        6    #######
 Bolt of Fire             Conj/Fire      #.........   100%        6    #######
 Death Channel            Necr           #.........   100%        6    #######
 Dispersal                Tloc           #.........   100%        6    #######
 Hydra Form               Tmut           #.........   100%        6    #######
 Iron Shot                Conj/Erth      #.........   100%        6    #######
 Simulacrum               Ice/Necr       #.........   100%        6    #######
 Statue Form              Tmut/Erth      #........    100%        6    #######
 Dragon Form              Tmut           #.........   100%        7    #######
 Malign Gateway           Summ/Tloc      #.........   100%        7    #######
 Monstrous Menagerie      Summ           #.........   100%        7    #######
 Orb of Destruction       Conj           #.........   100%        7    #######
 Spellforged Servitor     Conj/Summ      #.........   100%        7    #######
 Summon Greater Demon     Summ           #.........   100%        7    #######
 Summon Hydra             Summ           #.........   100%        7    #######
 Controlled Blink         Tloc           N/A          100%        8    #######
 Disjunction              Tloc           #.........   100%        8    #######
 Ignition                 Fire           #.........   100%        8    #######
 Summon Horrible Things   Summ           #.........   100%        8    #######
 Shatter                  Erth           #.........   100%        9    #######


Dungeon Overview and Level Annotations

Branches:
Dungeon (15/15)              Lair (6/6) D:10         Shoals (4/4) Lair:4
  Snake (4/4) Lair:3          Orc (2/2) D:11            Elf (3/3) Orc:2
 Vaults (5/5) D:14          Crypt (0/3) Vaults:3     Depths (5/5) D:15
    Zot (5/5) Depths:5
 Temple: D:4-7        Slime: Lair:5-6

Altars:
Cheibriados
Fedhas
Gozag
Kikubaaqudgha
Qazlal
Yredelemnul

Shops:
D:9 !   D:12 %   Orc:2 =?[[   Shoals:2 [   Snake:1 (   Vaults:1 %(*:
Depths:1 **   Depths:3 [   Depths:5 *}

Portals:
Hell: Depths:1 Depths:2 Depths:3 Depths:4 Depths:5
Abyss: Depths:4
Pandemonium: Depths:1 Depths:3
Ziggurat: Depths:2
Trove: Vaults:3 (give 14 scrolls of teleportation)

Annotations:
Lair:3 exclusion: 2 oklob plants
Lair:6 exclusion: 4 oklob plants


Innate Abilities, Weirdness & Mutations

You revert to your normal form in water.
You are very nimble and swift while swimming.
You are very stealthy in the water. (Stealth+)
You have a beak for a mouth.
You have sharp fingernails.
You are partially covered in molten scales. (AC +2)
You are agile. (Dex +2)
You tend to lose your temper in combat.
Armour fits poorly on your strangely shaped body.
You are dopey. (Int -2)
You are frail. (-10% HP)
Your magical capacity is low. (-10% MP)
You passively map a small area around you.
You sometimes yell uncontrollably at your foes.
You are occasionally teleported next to monsters.
Your spells are much easier to cast, but much less powerful.


Message History

You hit the ancient lich but do no damage.
Your peck misses the ancient lich.
The ancient lich is lightly damaged.
The ancient lich casts a spell at you. You resist with almost no effort.
You puncture the ancient lich!
You peck the ancient lich, but do no damage.
The ancient lich is lightly damaged.
You hit the ancient lich.
You peck the ancient lich, but do no damage.
The ancient lich is lightly damaged.
You block the wandering mushroom's attack.
The wandering mushroom misses you.
The wandering mushroom releases spores at you!
* * * LOW HITPOINT WARNING * * *
You are engulfed in a cloud of spores!
You are confused.
The deathcap releases spores at you but does no damage.
The deathcap releases spores at you!
You die...

,, , .. , * *,
,,, .....
▓▓▓▓▓▓▓▓▓▓##§z...
...........p..(.
##..............
,
##........^......
,
#.......§..≈.....
*
#.....^.Lff......
....
#.^...§.*@f§.....
...#
#.....§.*ff......
...#
#...!..§.§.^.^...
...##
#....^...........
....#
##....[))^.......
....#
##.^.†..........
, .....
##..^.[........
############## ,
* *,


You could see 2 orbs of fire, a Killer Klown, an ancient lich, a curse toe, 2
deathcaps and 3 wandering mushrooms.

Vanquished Creatures
  Tiamat (Zot:1)
  An orb of fire (Zot:5)
  3 ancient liches
  A juggernaut (Depths:3)
  Sojobo (Depths:2)
  Boris (Vaults:4)
  Vashnia (Snake:4)
  Saint Roka (Depths:2)
  5 curse toes (Zot:1)
  Xtahua (Vaults:2)
  3 caustic shrikes (Depths:5)
  The ghost of Ubup the Executioner, a veteran MiBe of Trog (Depths:1)
  The ghost of Varury the Executioner, a veteran DDFi of Makhleb (Vaults:1)
  The ghost of Joqin the Crack Shot, a veteran CeHu of Okawaru (Depths:4)
  The ghost of Joqin the Crack Shot, a veteran CeHu of Okawaru (Depths:5)
  15 golden dragons
  Jory (Vaults:2)
  the Enchantress (Depths:4)
  2 bone dragons
  Rupert (Lair:6)
  7 Orb Guardians (Zot:5)
  2 liches
  26 tentacled monstrosities
  Asterion (Snake:4)
  10 quicksilver dragons
  2 deep elf blademasters
  5 titans
  2 deep elf master archers (Elf:3)
  A kraken (Shoals:2)
  11 death cobs
  4 sphinxes
  Gastronok (D:8)
  3 tentacled starspawn (Abyss:2)
  14 shadow dragons
  Kirke (Elf:1)
  Agnes (Elf:2)
  15 storm dragons
  9 tengu reavers
  3 draconian monks
  13 fire giants
  9 nagarajas
  3 draconian scorchers (Zot:3)
  11 frost giants
  The ghost of Qompuxo the Geomancer, an adept GrEE of Vehumet (Snake:3)
  8 draconian knights
  2 cacodemons (Depths:4)
  3 iron dragons
  10 deep elf sorcerers
  13 vault wardens
  4 draconian stormcallers
  A ghost moth (Zot:1)
  3 deep elf elementalists
  6 spriggan defenders
  9 ironheart preservers
  2 draconian shifters
  A war gargoyle (Vaults:5)
  18 stone giants
  8 draconian annihilators
  A ghoul (Vaults:4)
  8 vampire knights
  4 deep elf demonologists
  2 starcursed masses (Abyss:2)
  30 very ugly things
  9 green draconians
  An entropy weaver (Vaults:4)
  10 yellow draconians
  6 black draconians
  4 deep elf annihilators
  9 spark wasps
  9 purple draconians
  10 white draconians
  7 red draconians
  19 ettins
  9 merfolk impalers
  15 fire dragons
  4 merfolk javelineers
  5 deep elf high priests
  2 blizzard demons
  7 deep elf death magi
  12 great orbs of eyes
  17 yaktaur captains
  A great orb of eyes (shapeshifter) (Depths:3)
  17 ice dragons
  20 naga warriors
  Erolcha (D:10)
  8 hydras
  31 vault guards
  7 merfolk aquamancers
  6 rakshasas
  8 spriggan air magi
  A two-headed ogre (shapeshifter) (D:14)
  A ghost crab (Elf:3)
  12 centaur warriors
  A death knight (Vaults:4)
  An alligator snapping turtle (Shoals:2)
  13 anacondas
  A juggernaut simulacrum (Depths:5)
  A satyr (Shoals:2)
  2 catoblepae
  39 two-headed ogres
  2 tengu warriors
  4 merfolk avatars
  An alligator (shapeshifter) (Vaults:5)
  An orc high priest (Orc:2)
  16 dancing weapons
  7 deep troll shamans
  14 deep troll earth magi
  16 ogre magi
  Urug (D:10)
  14 naga sharpshooters
  3 vampire magi
  15 deep elf knights
  7 spriggan berserkers
  A wretched star (Abyss:2)
  7 shock serpents
  9 skeletal warriors
  3 shadow wraiths (Vaults:4)
  A hell knight (Vaults:5)
  An iron troll (Depths:5)
  A death drake (Zot:1)
  2 sixfirhies
  2 unseen horrors (shapeshifter)
  18 sea snakes
  3 unseen horrors
  4 salamander mystics
  3 flayed ghosts
  5 naga ritualists
  5 glowing orange brains
  An obsidian statue (Depths:1)
  11 deep elf archers
  An infernal demonspawn (Depths:3)
  23 deep trolls
  2 wizards
  An orange crystal statue (Depths:4)
  10 ironbrand convokers
  A lindwurm (Lair:6)
  13 orc knights
  3 harpies (Shoals:1)
  39 deep elf magi
  8 mana vipers
  8 salamanders
  13 orc sorcerers
  9 manticores
  A wolf spider (Vaults:4)
  2 iron dragon zombies
  A mana viper (shapeshifter) (Vaults:1)
  4 necromancers
  48 ugly things
  2 cyclopes (shapeshifter)
  9 fauns
  5 large abominations
  5 cyclopes
  17 moths of wrath
  4 elephants (Lair:5)
  7 centaur zombies
  An eye of devastation (shapeshifter) (Depths:3)
  A fire giant skeleton (Vaults:5)
  8 merfolk sirens
  A guardian serpent (shapeshifter) (Elf:3)
  Joseph (D:8)
  4 molten gargoyles
  47 black mambas
  10 vault sentinels
  2 gargoyles
  17 naga magi
  A black mamba (shapeshifter) (Depths:1)
  2 ice statues (Elf:3)
  6 water nymphs
  4 guardian serpents
  2 spiny frogs (shapeshifter)
  2 smoke demons
  5 spiny frogs
  8 apocalypse crabs (Zot:1)
  A water nymph (shapeshifter) (Depths:2)
  An orange demon (Depths:3)
  A storm dragon simulacrum (Vaults:3)
  3 rime drakes
  A yaktaur skeleton (Vaults:1)
  31 yaktaurs
  An ice devil (Depths:1)
  2 ancient zymes (Abyss:2)
  11 komodo dragons
  A red devil (Depths:1)
  4 tengu conjurers (Depths:4)
  A demonic crawler (Zot:1)
  7 freezing wraiths
  A troll (shapeshifter) (Elf:3)
  A queen bee (shapeshifter) (Vaults:1)
  28 merfolk
  A polar bear (shapeshifter) (Vaults:3)
  3 polar bears
  29 slime creatures
  4 wind drakes
  3 meliai (D:14)
  8 trolls
  8 hornets
  A dream sheep (shapeshifter) (Vaults:5)
  3 raiju (Abyss:2)
  7 blink frogs
  6 snapping turtles
  16 hippogriffs
  A centaur simulacrum (D:14)
  A vampire (D:13)
  A spriggan (shapeshifter) (Depths:2)
  A tarantella (shapeshifter) (D:13)
  A wyvern (Lair:6)
  18 water elementals
  A shadow (D:14)
  7 spriggans
  3 small abominations
  A human (Elf:1)
  34 yaks
  5 basilisks
  2 wraiths
  A fire bat (shapeshifter) (Depths:4)
  A hog (shapeshifter) (D:14)
  A human (shapeshifter) (Vaults:2)
  3 hogs (Elf:1)
  A golden eye (shapeshifter) (Vaults:5)
  2 neqoxecs
  3 hungry ghosts
  3 vampire mosquitoes (D:15)
  61 nagas
  2 steam dragons (Lair:6)
  A swamp worm (shapeshifter) (Elf:3)
  A naga (shapeshifter) (D:14)
  A soldier ant (shapeshifter) (Depths:1)
  12 wargs
  8 acid dragons
  12 water moccasins
  4 hell hounds (Lair:6)
  6 porcupines
  A floating eye (shapeshifter) (D:14)
  3 floating eyes (Depths:2)
  33 orc warriors
  4 phantoms
  A black bear (Lair:5)
  A hornet zombie (D:13)
  8 ice beasts
  5 sky beasts
  An eye of draining (shapeshifter) (Vaults:1)
  An ettin simulacrum (Vaults:2)
  29 ogres
  3 wolves (Lair:5)
  19 boggarts
  A boggart (shapeshifter) (Depths:4)
  2 human skeletons (Vaults:1)
  A wolf (shapeshifter) (Depths:4)
  A tengu (shapeshifter) (Depths:4)
  16 centaurs
  11 crocodiles
  A big kobold (D:13)
  19 bullfrogs
  2 elf zombies (Elf:1)
  A bullfrog (shapeshifter) (Depths:2)
  2 elf simulacra
  5 earth elementals
  A hornet simulacrum (D:12)
  A scorpion (D:9)
  A wyvern skeleton (D:11)
  6 killer bees (D:11)
  A howler monkey (shapeshifter) (Elf:3)
  13 wights
  4 electric eels
  9 howler monkeys
  5 crimson imps
  6 lava snakes
  2 quasits
  A bullfrog zombie (D:9)
  3 iron imps
  6 jellies
  A bullfrog skeleton (D:5)
  5 hounds
  30 orc priests
  An iguana (D:4)
  41 orc wizards
  5 centaur skeletons
  Terence (D:3)
  8 worker ants
  A bullfrog simulacrum (D:12)
  A worker ant zombie (D:11)
  Robin (D:2)
  2 howler monkey skeletons
  6 adders
  A shadow imp (Depths:3)
  6 white imps
  4 ufetubi
  2 oozes
  An adder skeleton (D:8)
  An adder zombie (D:5)
  2 worms
  6 dart slugs
  2 leopard geckos
  118 orcs
  3 ball pythons
  6 bats
  5 giant cockroaches
  18 goblins
  8 hobgoblins
  11 jackals
  15 kobolds
  4 quokkas
  A ball python (shapeshifter) (Depths:4)
  7 frilled lizards
  A leopard gecko skeleton (D:5)
  A quokka zombie (D:9)
  11 rats
  A bush (Lair:2)
  A butterfly (Lair:4)
  4 crawling corpses
  A fungus (Snake:4)
  9 plants
  3 starspawn tentacles (Abyss:2)
  2 tentacles (Shoals:2)
2164 creatures vanquished.

Vanquished Creatures (collateral kills)
  A deep elf sorcerer (Elf:3)
  A vault warden (Vaults:5)
  A vault guard (Vaults:5)
  A deep elf high priest (Elf:3)
  A deep elf knight (Elf:2)
  An orc sorcerer (Depths:2)
  A merfolk (Depths:2)
  A steam dragon (Lair:6)
  An orc warrior (Depths:2)
  2 orc priests (Depths:2)
  5 orcs (Depths:2)
16 creatures vanquished.

Vanquished Creatures (others)
  A fire giant (Vaults:4)
  A stone giant (Depths:2)
  A black draconian (Zot:4)
  A red draconian (Zot:1)
  An ettin (Depths:3)
  A merfolk javelineer (Shoals:4)
  A blizzard demon (Elf:3)
  6 yaktaur captains
  3 centaur warriors
  A satyr (Shoals:4)
  2 naga sharpshooters
  2 deep trolls (Depths:5)
  2 deep elf archers
  An orc knight (D:13)
  A cyclops (Depths:4)
  3 fauns
  2 vault sentinels (Vaults:1)
  25 yaktaurs
  A merfolk (Shoals:4)
  A human (Elf:2)
  A naga (Snake:1)
  2 acid dragons (Zot:1)
  An orc warrior (D:13)
  3 ogres
  A boggart (Depths:1)
  4 centaurs
  An orc priest (Vaults:5)
  2 orcs (Vaults:5)
  2 fungi
  A lurking horror (Abyss:2)
  3 plants
  2 starspawn tentacles (Abyss:2)
  6 tentacles (Shoals:2)
86 creatures vanquished.

Grand Total: 2266 creatures vanquished

Notes
Turn   | Place    | Note
-------+----------+-------------------------------------------
     0 | D:1      | Arth the Merfolk Gladiator began the quest for the Orb.
     0 | D:1      | Reached XP level 1. HP: 16/16 MP: 1/1
    39 | D:1      | Reached skill level 5 in Polearms
    59 | D:1      | Reached XP level 2. HP: 20/22 MP: 2/2
   317 | D:1      | Reached XP level 3. HP: 21/27 MP: 3/3
  1006 | D:2      | Reached XP level 4. HP: 32/33 MP: 4/4
  1073 | D:2      | Noticed Robin
  1082 | D:2      | Killed Robin
  1266 | D:2      | Reached XP level 5. HP: 25/38 MP: 5/5
  1926 | D:3      | Noticed Terence
  1942 | D:3      | Killed Terence
  2816 | D:4      | Reached XP level 6. HP: 34/46 MP: 6/6
  3033 | D:4      | Reached skill level 10 in Polearms
  3066 | D:4      | Reached XP level 7. HP: 34/52 MP: 7/7
  3639 | D:5      | Entered Level 5 of the Dungeon
  3801 | D:5      | Found a stormy altar of Qazlal.
  3807 | D:5      | Became a worshipper of Qazlal Stormbringer
  4013 | D:5      | You fall through a shaft for 3 floors!
  4178 | D:8      | Got an ivory trident
  4179 | D:8      | Identified the +10 trident of Unreason {speed, Str+5 Int+2 Dex-2} (You found it on level 8 of the Dungeon)
  4182 | D:8      | Noticed Joseph
  4194 | D:8      | Killed Joseph
  4194 | D:8      | Reached skill level 5 in Fighting
  4194 | D:8      | Reached XP level 8. HP: 48/63 MP: 8/8
  4268 | D:8      | Got a faintly glowing trident
  4269 | D:8      | Identified the +9 trident "Hogaom" {freeze, rN++} (You found it on level 8 of the Dungeon)
  4292 | D:8      | Noticed a two-headed ogre
  4301 | D:8      | Killed a two-headed ogre
  4301 | D:8      | Reached XP level 9. HP: 71/71 MP: 9/9
  4394 | D:8      | Noticed Gastronok
  4411 | D:8      | Killed Gastronok
  4411 | D:8      | Reached skill level 15 in Polearms
  4411 | D:8      | Reached XP level 10. HP: 82/82 MP: 10/10
  5202 | D:9      | Found Afuahin's Distillery.
  5211 | D:9      | Bought a potion of curing for 39 gold pieces
  5211 | D:9      | Bought a potion of curing for 39 gold pieces
  5211 | D:9      | Bought a potion of curing for 39 gold pieces
  5211 | D:9      | Bought a potion of heal wounds for 65 gold pieces
  5211 | D:9      | Bought a potion of curing for 39 gold pieces
  5276 | D:9      | Reached * piety under Qazlal
  5700 | D:10     | Entered Level 10 of the Dungeon
  5700 | D:10     | Found a staircase to the Lair.
  5742 | D:10     | Noticed Urug
  5753 | D:10     | Reached skill level 10 in Fighting
  5762 | D:10     | Killed Urug
  5762 | D:10     | Reached XP level 11. HP: 78/91 MP: 11/11
  5764 | D:10     | Reached ** piety under Qazlal
  5844 | D:10     | Noticed Erolcha
  5860 | D:10     | Killed Erolcha
  6279 | D:10     | Got an ancient short sword
  6280 | D:10     | Identified the +6 short sword of Aderacem {pierce, +Blink Dex+2 SInv Stlth-} (You found it on level 10 of the Dungeon)
  6564 | Lair:1   | Entered Level 1 of the Lair of Beasts
  7179 | Lair:1   | Reached *** piety under Qazlal
  7745 | Lair:2   | Noticed a five-headed hydra
  7760 | Lair:2   | Killed a five-headed hydra
  7904 | Lair:2   | Noticed a five-headed hydra
  7924 | Lair:2   | Killed a five-headed hydra
  7953 | Lair:2   | Reached XP level 12. HP: 56/100 MP: 12/12
  8550 | Lair:2   | Noticed a five-headed hydra
  8559 | Lair:2   | Killed a five-headed hydra
  9472 | Lair:3   | Noticed an eight-headed hydra
  9484 | Lair:3   | Killed an eight-headed hydra
  9715 | Lair:3   | Got an iridescent rapier
  9721 | Lair:3   | Identified the +10 rapier "Duevepp" {pierce, rC+ Str+4} (You found it on level 3 of the Lair of Beasts)
  9800 | Lair:3   | Found a staircase to the Snake Pit.
 10287 | Lair:4   | Reached **** piety under Qazlal
 10616 | Lair:4   | Reached skill level 1 in Invocations
 10664 | Lair:4   | Noticed a six-headed hydra
 10676 | Lair:4   | Killed a six-headed hydra
 10676 | Lair:4   | Reached skill level 1 in Armour
 10721 | Lair:4   | Noticed a catoblepas
 10729 | Lair:4   | Killed a catoblepas
 10729 | Lair:4   | Reached skill level 5 in Dodging
 10883 | Lair:4   | Found a staircase to the Shoals.
 11149 | Lair:5   | Reached XP level 13. HP: 107/109 MP: 16/16
 11169 | Lair:5   | Reached skill level 5 in Invocations
 11172 | Lair:5   | Reached skill level 6 in Dodging
 11444 | Lair:5   | Found a labyrinth entrance.
 12283 | Lair:6   | Entered Level 6 of the Lair of Beasts
 12302 | Lair:6   | Reached skill level 7 in Dodging
 12746 | Lair:6   | Reached ***** piety under Qazlal
 12857 | Lair:6   | Reached skill level 8 in Dodging
 12859 | Lair:6   | Noticed a fire dragon
 13152 | Lair:6   | Found a large runed door.
 13155 | Lair:6   | Found a large runed door.
 13276 | Lair:6   | Killed a fire dragon
 13491 | Lair:6   | Reached XP level 14. HP: 89/118 MP: 20/20
 13538 | Lair:6   | Noticed Rupert
 13554 | Lair:6   | Killed Rupert
 13842 | Lair:6   | Reached skill level 9 in Dodging
 14604 | D:11     | Found a staircase to the Orcish Mines.
 14703 | Orc:1    | Entered Level 1 of the Orcish Mines
 14880 | Orc:1    | Reached skill level 10 in Invocations
 15058 | Orc:2    | Entered Level 2 of the Orcish Mines
 15058 | Orc:2    | Found a staircase to the Elven Halls.
 15547 | Orc:2    | Reached ****** piety under Qazlal
 15565 | Orc:2    | Reached skill level 5 in Armour
 15715 | Orc:2    | Found Urumojacev's Armour Shoppe.
 15715 | Orc:2    | Found Emimna's Antique Armour Shoppe.
 15922 | Orc:2    | Found Qufradgh's Jewellery Emporium.
 15922 | Orc:2    | Found Ecricukh's Magic Scroll Emporium.
 15932 | Orc:2    | Bought a spiked shield for 342 gold pieces
 15937 | Orc:2    | Identified the +7 shield of the Rose {rF+ Slay+5} (You bought it in a shop on level 2 of the Orcish Mines)
 16577 | D:12     | Reached skill level 1 in Shields
 16745 | D:12     | Reached skill level 10 in Dodging
 16858 | D:12     | Found Hozoh's Food Shop.
 17795 | D:13     | Reached XP level 15. HP: 104/127 MP: 23/23
 18134 | D:14     | Found a gate to the Vaults.
 18861 | D:14     | Reached skill level 5 in Shields
 19516 | D:15     | Entered Level 15 of the Dungeon
 19562 | D:15     | Reached skill level 11 in Dodging
 20113 | D:15     | Found a staircase to the Depths.
 20118 | D:15     | Noticed a fire giant
 20128 | D:15     | Killed a fire giant
 20432 | D:15     | Found a blossoming altar of Fedhas.
 20689 | Elf:1    | Entered Level 1 of the Elven Halls
 20899 | Elf:1    | Gained mutation: Your muscles are strong. (Str +2) [potion of mutation]
 20899 | Elf:1    | Gained mutation: You have a somewhat thin skeletal structure. (Dex +2, Stealth) [potion of mutation]
 20899 | Elf:1    | Gained mutation: You tend to lose your temper in combat. [potion of mutation]
 20899 | Elf:1    | Gained mutation: You can translocate small distances at will. [potion of mutation]
 20901 | Elf:1    | Lost mutation: You tend to lose your temper in combat. [potion of mutation]
 20901 | Elf:1    | Lost mutation: Your muscles are strong. (Str +2) [potion of mutation]
 20901 | Elf:1    | Lost mutation: You can translocate small distances at will. [potion of mutation]
 20901 | Elf:1    | Lost mutation: You have a somewhat thin skeletal structure. (Dex +2, Stealth) [potion of mutation]
 20901 | Elf:1    | Gained mutation: You are weak. (Str -2) [potion of mutation]
 20901 | Elf:1    | Gained mutation: Scrolls take you a little longer to read. [potion of mutation]
 20901 | Elf:1    | Lost mutation: You are weak. (Str -2) [potion of mutation]
 20902 | Elf:1    | Lost mutation: Scrolls take you a little longer to read. [potion of mutation]
 20902 | Elf:1    | Gained mutation: You have very sharp teeth. [potion of mutation]
 20902 | Elf:1    | Gained mutation: Armour fits poorly on your strangely shaped body. [potion of mutation]
 20902 | Elf:1    | Gained mutation: You are resistant to hostile enchantments. (MR+) [potion of mutation]
 20903 | Elf:1    | Lost mutation: Armour fits poorly on your strangely shaped body. [potion of mutation]
 20903 | Elf:1    | Lost mutation: You have very sharp teeth. [potion of mutation]
 20903 | Elf:1    | Lost mutation: You are resistant to hostile enchantments. (MR+) [potion of mutation]
 20903 | Elf:1    | Gained mutation: You have a beak for a mouth. [potion of mutation]
 20903 | Elf:1    | Gained mutation: You passively map a small area around you. [potion of mutation]
 20903 | Elf:1    | Gained mutation: You occasionally shout uncontrollably at your foes. [potion of mutation]
 20903 | Elf:1    | Gained mutation: Your mind is acute. (Int +2) [potion of mutation]
 21213 | Elf:1    | Noticed Kirke
 21225 | Elf:1    | Killed Kirke
 21281 | Elf:1    | Identified the Almanac of Unholy Rites
 21507 | Elf:2    | Noticed Agnes
 21521 | Elf:2    | Killed Agnes
 21521 | Elf:2    | Reached XP level 16. HP: 52/134 MP: 25/25
 21812 | Elf:2    | Found a runed gate.
 21812 | Elf:2    | Found a runed gate.
 21812 | Elf:2    | Found a runed gate.
 21921 | Elf:2    | Reached skill level 15 in Fighting
 22019 | Elf:2    | Identified a scroll of acquirement
 22143 | Elf:2    | Noticed a deep elf blademaster
 22154 | Elf:2    | Killed a deep elf blademaster
 22175 | Elf:2    | Reached skill level 12 in Dodging
 23241 | Elf:3    | Entered Level 3 of the Elven Halls
 23506 | Elf:3    | Found a frozen archway.
 23727 | Elf:3    | Found a magical portal.
 23784 | WizLab   | Entered The Chambers of the Cloud Mage
 24340 | Elf:3    | Reached XP level 17. HP: 84/142 MP: 27/27
 24342 | Elf:3    | Got a shimmering glass ring
 24486 | Elf:3    | Identified the ring of the Establishment {rN+ Stlth-} (You took it off a deep elf death mage on level 3 of the Elven Halls)
 24504 | Elf:3    | Noticed a deep elf blademaster
 24520 | Elf:3    | Killed a deep elf blademaster
 24520 | Elf:3    | Noticed a deep elf master archer
 24523 | Elf:3    | Noticed a deep elf master archer
 24531 | Elf:3    | Noticed a Brimstone Fiend
 24533 | Elf:3    | Killed a deep elf master archer
 24885 | Elf:3    | Reached skill level 13 in Dodging
 24889 | Elf:3    | Killed a deep elf master archer
 24889 | Elf:3    | Reached skill level 10 in Shields
 25218 | Elf:3    | Found the +7 Singing Sword
 25245 | Elf:3    | Got a shimmering ring mail
 25272 | Elf:3    | Identified the cursed +1 ring mail of Ashenzari's Hope {rElec Dex+6 Stlth-} (You found it on level 3 of the Elven Halls)
 25404 | Elf:3    | Got a blackened war axe
 25411 | Elf:3    | Identified Sif Muna's Compendium of Conjuration
 25430 | Elf:3    | Identified the +3 war axe "Odaul" {flame, rElec Dex+4} (You found it on level 3 of the Elven Halls)
 25831 | Orc:2    | Bought a +6 ring of strength for 936 gold pieces
 25990 | D:9      | Bought a potion of resistance for 130 gold pieces
 26112 | Shoals:1 | Entered Level 1 of the Shoals
 27026 | Shoals:2 | Noticed a kraken
 27058 | Shoals:2 | Killed a kraken
 27442 | Shoals:2 | Found Kahuc's Antique Armour Shop.
 27548 | Shoals:2 | Bought an encrusted ring mail for 324 gold pieces
 27548 | Shoals:2 | Bought a smoking scale mail for 324 gold pieces
 27548 | Shoals:2 | Bought a heavily runed scale mail for 324 gold pieces
 27548 | Shoals:2 | Identified the +4 ring mail "Xyraados" {Str+2 Int+4} (You bought it in a shop on level 2 of the Shoals)
 27551 | Shoals:2 | Identified the +5 scale mail of the Worm {rElec rC+ Str-5 Stlth+} (You bought it in a shop on level 2 of the Shoals)
 27552 | Shoals:2 | Identified the cursed +0 scale mail "Beucweq" {rN+} (You bought it in a shop on level 2 of the Shoals)
 27826 | Shoals:3 | Reached skill level 14 in Dodging
 27838 | Shoals:3 | Reached XP level 18. HP: 53/151 MP: 21/29
 28647 | Shoals:4 | Entered Level 4 of the Shoals
 29617 | Shoals:4 | Got a barnacled rune of Zot
 29707 | Shoals:3 | Got a slimy scale mail
 29717 | Shoals:3 | Identified the +2 scale mail "Lenku" {rC+ Str+3 Int+4 Dex-3} (You took it off a merfolk on level 3 of the Shoals)
 29796 | Snake:1  | Entered Level 1 of the Snake Pit
 30402 | Snake:1  | Reached skill level 15 in Dodging
 30464 | Snake:1  | Got a steaming long sword
 30502 | Snake:1  | Identified the +8 long sword "Gahoghur" {venom, rPois} (You found it on level 1 of the Snake Pit)
 31109 | Snake:1  | Found Liraecus's Antique Weapon Boutique.
 31113 | Snake:1  | Bought a glowing hand crossbow for 279 gold pieces
 31865 | Snake:2  | Reached XP level 19. HP: 159/161 MP: 30/30
 32691 | Snake:3  | Reached skill level 16 in Dodging
 33314 | Snake:3  | Found a runed door.
 33315 | Snake:3  | Noticed Qompuxo's ghost (adept GrEE)
 33329 | Snake:3  | Identified Ucotolak's Disquisition on the Oath and Aid
 33331 | Snake:3  | Killed Qompuxo's ghost
 33491 | Snake:4  | Entered Level 4 of the Snake Pit
 33558 | Snake:4  | Noticed Vashnia
 33560 | Snake:4  | Noticed Asterion
 33574 | Snake:4  | Killed Vashnia
 33592 | Snake:4  | Killed Asterion
 33958 | Snake:4  | Reached skill level 15 in Shields
 34180 | Snake:4  | Reached XP level 20. HP: 128/170 MP: 31/31
 34483 | Snake:4  | Got a serpentine rune of Zot
 34871 | Vaults:1 | Entered Level 1 of the Vaults
 35056 | Vaults:1 | Found a runed door.
 35060 | Vaults:1 | Noticed Varury's ghost (veteran DDFi)
 35088 | Vaults:1 | Killed Varury's ghost
 35194 | Vaults:1 | Reached skill level 15 in Invocations
 35198 | Vaults:1 | Found Caofriti's Book Emporium.
 35364 | Vaults:1 | Reached skill level 17 in Dodging
 35534 | Vaults:1 | Found Duelimpi's Food Shop.
 35559 | Vaults:1 | Found Defalyke's Weapon Boutique.
 35815 | Vaults:1 | Reached skill level 10 in Armour
 36449 | Vaults:1 | Found Ostropnu's Assorted Antiques.
 36668 | Vaults:2 | Noticed Jory
 36691 | Vaults:2 | Killed Jory
 36706 | Vaults:2 | Noticed Xtahua
 36732 | Vaults:2 | Killed Xtahua
 37258 | Vaults:2 | Reached XP level 21. HP: 57/178 MP: 27/32
 38256 | Vaults:3 | Reached skill level 18 in Dodging
 38553 | Vaults:3 | Found a staircase to the Crypt.
 38553 | Vaults:3 | Found a basalt altar of Yredelemnul.
 38563 | Vaults:3 | Found an ancient bone altar of Kikubaaqudgha.
 38938 | Vaults:3 | Found a portal to a secret trove of treasure.
 38983 | Vaults:3 | Got a bound tin ring
 38985 | Vaults:3 | Identified the ring "Poxaryru" {Str+4 Stlth+} (You acquired it on level 3 of the Vaults)
 39305 | Vaults:4 | Noticed Boris
 39320 | Vaults:4 | Killed Boris
 40094 | Vaults:4 | Reached XP level 22. HP: 187/187 MP: 34/34
 40792 | Depths:1 | Entered Level 1 of the Depths
 40792 | Depths:1 | Found a gateway to Hell.
 41083 | Depths:1 | Reached skill level 19 in Dodging
 41926 | Depths:1 | Found a runed gate.
 41926 | Depths:1 | Found a runed gate.
 41926 | Depths:1 | Found a runed gate.
 41928 | Depths:1 | Found an opulent altar of Gozag.
 41928 | Depths:1 | Noticed Ubup's ghost (veteran MiBe)
 41934 | Depths:1 | Found Taetecy's Assorted Antiques.
 41937 | Depths:1 | Found Jaqy's Assorted Antiques.
 41973 | Depths:1 | Killed Ubup's ghost
 42010 | Depths:1 | Bought a potion of heal wounds for 185 gold pieces
 42010 | Depths:1 | Bought a scorched chain mail for 351 gold pieces
 42010 | Depths:1 | Bought 3 scrolls labeled EBREOPRUNIO for 111 gold pieces
 42011 | Depths:1 | Identified the +1 chain mail of Protective Custody {rElec rC- rCorr MP+9} (You bought it in a shop on level 1 of the Depths)
 42278 | Depths:1 | Found the +12 Vampire's Tooth {vamp}
 42407 | Depths:1 | Found a one-way gate leading to the halls of Pandemonium.
 42484 | Depths:2 | Reached skill level 1 in Short Blades
 42512 | Depths:2 | Found a snail-covered altar of Cheibriados.
 42578 | Depths:2 | Identified the ring "Dioll" {MR+ Dex+2} (You found it on level 2 of the Depths)
 42600 | Depths:2 | Paralysed by a floating eye for 4 turns
 42608 | Depths:2 | Noticed Sojobo
 42636 | Depths:2 | Killed Sojobo
 42674 | Depths:2 | Lost mutation: You occasionally shout uncontrollably at your foes. [potion of mutation]
 42674 | Depths:2 | Lost mutation: Your mind is acute. (Int +2) [potion of mutation]
 42674 | Depths:2 | Gained mutation: You are agile. (Dex +2) [potion of mutation]
 42674 | Depths:2 | Gained mutation: You are partially covered in molten scales. (AC +2) [potion of mutation]
 42674 | Depths:2 | Gained mutation: You have sharp fingernails. [potion of mutation]
 42921 | Depths:2 | Got a spiked scale mail
 42922 | Depths:2 | Identified the +0 scale mail "Igehath" {MR+} (You found it on level 2 of the Depths)
 43068 | Depths:2 | Reached XP level 23. HP: 190/196 MP: 35/35
 43103 | Depths:2 | Noticed Saint Roka
 43160 | Depths:2 | Got a faintly glowing whip {protect}
 43176 | Depths:2 | Identified the Reference Book on Burning Transformation
 43214 | Depths:2 | Got a scorched silver ring
 43215 | Depths:2 | Identified the ring "Esaheh" {+Inv rPois MP-9 Str+7 Stlth-} (You took it off an orc on level 2 of the Depths)
 43273 | Depths:2 | Killed Saint Roka
 43324 | Depths:2 | Paralysed by a floating eye for 3 turns
 43559 | Depths:2 | Paralysed by a floating eye for 3 turns
 43588 | Depths:2 | Reached skill level 5 in Short Blades
 43588 | Depths:2 | Reached skill level 20 in Dodging
 43753 | Depths:2 | Got a fine amber ring
 43931 | Depths:2 | Found a gateway to a ziggurat.
 44089 | Depths:3 | Noticed a juggernaut
 44119 | Depths:3 | Killed a juggernaut
 44472 | Depths:3 | Found Timuucr Ylokh's Antique Armour Shoppe.
 44689 | Depths:3 | Identified the ring "Fitoecukh" {rElec rN+} (You took it off a fire giant on level 2 of the Depths)
 44751 | Depths:4 | Reached skill level 1 in Spellcasting
 44888 | Depths:4 | Found a one-way gate to the infinite horrors of the Abyss.
 44983 | Depths:4 | Reached XP level 24. HP: 122/204 MP: 25/35
 44987 | Depths:4 | Paralysed by a sphinx for 3 turns
 45265 | Depths:4 | Noticed the Enchantress
 45290 | Depths:4 | Killed the Enchantress
 45323 | Depths:4 | Identified the Collected Works on Venom and Conjuration
 45565 | Depths:4 | Found a runed gate.
 45565 | Depths:4 | Found a runed gate.
 45566 | Depths:4 | Found a runed gate.
 45597 | Depths:4 | Found a runed gate.
 45597 | Depths:4 | Found a runed gate.
 45606 | Depths:4 | Found a runed gate.
 45619 | Depths:4 | Noticed Joqin's ghost (veteran CeHu)
 45630 | Depths:4 | Gained mutation: Your spells are a little easier to cast, but a little less powerful. [a cacodemon]
 45640 | Depths:4 | Gained mutation: Your spells are easier to cast, but less powerful. [a cacodemon]
 45647 | Depths:4 | Gained mutation: Your spells are much easier to cast, but much less powerful. [a cacodemon]
 45652 | Depths:4 | Gained mutation: You are occasionally teleported next to monsters. [a cacodemon]
 45671 | Depths:4 | Killed Joqin's ghost
 45698 | Depths:4 | Got a heavily runed cloak
 45729 | Depths:4 | Identified the +0 cloak of Cowardice {rElec} (You found it on level 4 of the Depths)
 46212 | Depths:4 | Reached skill level 15 in Armour
 46519 | Depths:5 | Entered Level 5 of the Depths
 46599 | Depths:5 | Reached skill level 21 in Dodging
 47031 | Depths:4 | Reached skill level 5 in Spellcasting
 47172 | Depths:5 | Found Eheis's Gadget Boutique.
 47172 | Depths:5 | Found Lueqeuxt's Assorted Antiques.
 47189 | Depths:5 | Noticed a caustic shrike
 47189 | Depths:5 | Noticed a caustic shrike
 47189 | Depths:5 | Noticed a caustic shrike
 47194 | Depths:5 | Killed a caustic shrike
 47196 | Depths:5 | Killed a caustic shrike
 47196 | Depths:5 | Reached XP level 25. HP: 161/212 MP: 15/36
 47511 | Depths:5 | Found a runed door.
 47515 | Depths:5 | Noticed Joqin's ghost (veteran CeHu)
 47519 | Depths:5 | Noticed an ancient lich
 47524 | Depths:5 | Killed an ancient lich
 47548 | Depths:5 | Killed Joqin's ghost
 47548 | Depths:5 | Reached skill level 10 in Short Blades
 47570 | Depths:5 | Found a runed door.
 48482 | Depths:5 | Got a spiked cloak
 48493 | Depths:5 | Identified the cursed +0 cloak of Pyostrul {-Cast rPois rC+ Stlth+} (You found it on level 5 of the Depths)
 48560 | Depths:5 | Got a scorched lead ring
 48731 | Depths:5 | Identified the cursed ring "Tykoulec" {rC+ Int-3 Dex+2} (You found it on level 5 of the Depths)
 48981 | Depths:5 | Found a gate to the Realm of Zot.
 49399 | Vaults:5 | Entered Level 5 of the Vaults
 49670 | Vaults:5 | Cast into level 2 of the Abyss (a deep elf sorcerer)
 49891 | Abyss:2  | Reached XP level 26. HP: 222/222 MP: 27/36
 49993 | Abyss:2  | Found a corrupted altar of Lugonu.
 50096 | Vaults:5 | Escaped the Abyss
 50272 | Vaults:5 | Reached skill level 22 in Dodging
 50323 | Vaults:5 | Paralysed by a floating eye for 3 turns
 50912 | Vaults:5 | Got pitted gold dragon scales
 50923 | Vaults:5 | Identified the +1 gold dragon scales of Polytheism {rElec rPois rF+ rC+ Regen+} (You found it on level 5 of the Vaults)
 51364 | Vaults:5 | Got a silver rune of Zot
 52199 | Zot:1    | Entered Level 1 of the Realm of Zot
 52468 | Zot:1    | Reached XP level 27. HP: 25/230 MP: 6/36
 52481 | Zot:1    | HP: 10/230 [quicksilver dragon/bolt of dispelling energy (27)]
 53401 | Zot:1    | Noticed Tiamat
 53409 | Zot:1    | Reached skill level 23 in Dodging
 53568 | Zot:1    | Killed Tiamat
 53862 | Zot:1    | Got a crude long sword
 53881 | Zot:1    | Got an ichor-stained whip
 53916 | Zot:1    | Identified the +2 long sword "Jixeo" {drain, rC+ rN+ Dex+3 Stlth-} (You found it on level 1 of the Realm of Zot)
 53917 | Zot:1    | Identified the +8 whip of Betoxtow {antimagic, rElec Dex+3} (You found it on level 1 of the Realm of Zot)
 56233 | Zot:3    | Identified Gibre's Incunabulum of Intoxication and Conjuration
 56522 | Zot:4    | Reached skill level 24 in Dodging
 56798 | Zot:4    | Found a transporter.
 56806 | Zot:4    | Got a dazzling dire flail
 56807 | Zot:4    | Identified the +4 dire flail of Upheaval {drain, Dex+3} (You found it on level 4 of the Realm of Zot)
 56893 | Zot:4    | Reached skill level 15 in Short Blades
 57018 | Zot:4    | Got a bound platinum amulet
 57072 | Zot:4    | Found a transporter.
 57189 | Zot:4    | Got a smoking ivory ring
 57190 | Zot:4    | Identified the amulet of Nuom {Reflect +Fly rElec rC+ MR+ Str-3 SH+2} (You took it off a yellow draconian on level 4 of the Realm of Zot)
 57191 | Zot:4    | Identified the ring "Cawnonul" {+Blink rPois rF+++ rC+ Stlth-} (You found it on level 4 of the Realm of Zot)
 57708 | Zot:5    | Entered Level 5 of the Realm of Zot
 57756 | Zot:5    | Noticed an ancient lich
 57798 | Zot:5    | Killed an ancient lich
 57886 | Zot:5    | Noticed an ancient lich
 57909 | Zot:5    | Noticed an orb of fire
 57911 | Zot:5    | Killed an ancient lich
 57912 | Zot:5    | Gained mutation: You are dopey. (Int -2) [an orb of fire]
 57913 | Zot:5    | Noticed an orb of fire
 57917 | Zot:5    | Noticed an orb of fire
 57919 | Zot:5    | Gained mutation: Armour fits poorly on your strangely shaped body. [an orb of fire]
 57946 | Zot:5    | Gained mutation: Your magical capacity is low. (-10% MP) [an orb of fire]
 57950 | Zot:5    | Gained mutation: You occasionally shout uncontrollably at your foes. [an orb of fire]
 57963 | Zot:5    | Gained mutation: You tend to lose your temper in combat. [an orb of fire]
 57967 | Zot:5    | Killed an orb of fire
 57970 | Zot:5    | Gained mutation: You sometimes yell uncontrollably at your foes. [an orb of fire]
 57983 | Zot:5    | Noticed an ancient lich
 57997 | Zot:5    | HP: 8/235 [orb of fire/bolt of fire (10)]
 57998 | Zot:5    | Gained mutation: You are frail. (-10% HP) [an orb of fire]
 58001 | Zot:5    | HP: 2/211 [wandering mushroom[a curse toe] (7)]
 58001 | Zot:5    | Mangled by a deathcap

Skill      XL: |  1  2  3  4  5  6  7  8  9 10 11 12 13 14 15 16 17 18 19 20 21 22 23 24 25 26 27 |
---------------+----------------------------------------------------------------------------------+-----
Polearms       | 5 6 8 9 10 12 13 15 18 20 21 | 21.4
Fighting       | 3 5 6 8 10 11 12 13 14 15 16 17 18 19 20 21 23 | 23.2
Invocations    | 4 8 11 12 14 15 16 17 18 19 20 | 20.9
Armour         | 2 4 5 6 7 8 9 10 12 13 14 15 17 18 | 18.6
Dodging        | 5 8 10 11 12 14 15 16 17 18 19 20 21 22 24 | 24.5
Shields        | 3 7 9 11 13 15 | 15.5
Short Blades   | 3 7 9 11 12 16 | 16.5
Spellcasting   | 2 5 7 8 |  8.4
Throwing       | |  2.0

Action                   |  1- 3 |  4- 6 |  7- 9 | 10-12 | 13-15 | 16-18 | 19-21 | 22-24 | 25-27 || total
-------------------------+-------+-------+-------+-------+-------+-------+-------+-------+-------++-------
Melee: Trident           |    92 |   265 |   173 |   648 |  1371 |  1275 |  1847 |  1555 |   260 ||  7486
       Tailslap          |       |       |       |     1 |     1 |    12 |       |    13 |       ||    27
       Peck              |       |       |       |       |     9 |   229 |   429 |   504 |  1680 ||  2851
       Quick blade       |       |       |       |       |       |       |       |       |  3289 ||  3289
Throw: Throwing net      |       |     2 |     2 |       |     1 |     2 |       |       |       ||     7
       Tomahawk          |       |       |       |       |       |     6 |       |       |       ||     6
Invok: Upheaval          |       |       |       |       |     2 |    19 |     8 |    12 |     6 ||    47
       Elemental Force   |       |       |       |       |     1 |     4 |     1 |     1 |     2 ||     9
       Disaster Area     |       |       |       |       |     5 |     3 |     1 |     6 |     6 ||    21
 Abil: Blink             |       |       |       |       |     1 |       |       |       |       ||     1
Evoke: Lamp of fire      |       |       |       |       |       |     1 |       |       |       ||     1
       Phantom mirror    |       |       |       |       |       |       |       |     2 |       ||     2
  Use: Potion            |       |     2 |       |     6 |    11 |    15 |     2 |     2 |    13 ||    51
       Scroll            |       |       |       |    23 |     6 |    16 |     4 |    18 |    17 ||    84
 Stab: Distracted        |       |     1 |       |       |     1 |       |       |       |       ||     2
       Held in net/web   |       |       |     6 |       |       |       |       |       |     1 ||     7
  Eat: Chunk             |       |     7 |     4 |     8 |    18 |     5 |    13 |    11 |     3 ||    69
       Ration            |       |       |       |     4 |     6 |     8 |     4 |     5 |    10 ||    37
Armor: Leather armour    |     4 |       |       |       |       |       |       |       |       ||     4
       Ring mail         |    12 |    44 |       |       |       |       |       |       |       ||    56
       Scale mail        |       |    20 |    34 |    17 |       |    22 |    54 |    39 |       ||   186
       Plate armour      |       |       |       |    62 |   136 |     4 |       |    52 |   185 ||   439
       Fire dragon scale |       |       |       |       |     7 |    18 |       |       |       ||    25
       Gold dragon scale |       |       |       |       |       |       |       |       |   390 ||   390
       Quicksilver drago |       |       |       |       |       |       |       |       |     2 ||     2
Dodge: Dodged            |    44 |   113 |    49 |   108 |   150 |   195 |   181 |   254 |   872 ||  1966
       Deflected         |       |       |       |     1 |    18 |    20 |    27 |    21 |    45 ||   132
Block: Other             |       |       |       |    34 |    58 |       |       |       |       ||    92
       Shield            |       |       |       |       |   364 |   724 |   889 |   963 |  2646 ||  5586
       Reflection        |       |       |       |       |       |   109 |   193 |   148 |    32 ||   482
